 Dungeon Crawl Stone Soup version 0.31-a0-188-g5e087ee2ca (webtiles) character file.

Game seed: 5464151410610944531

30 qw the Shooter (level 3, -6/20 HPs)
             Began as a Deep Elf Hunter on June 23, 2023.
             Mangled by Sigmund
             ... wielding a +0 scythe
              (10 damage)
             ... on level 2 of the Dungeon.
             The game lasted 00:00:25 (907 turns).

qw the Shooter (Deep Elf Hunter)                     Turns: 907, Time: 00:00:25

Health: -6/20      AC:  5    Str: 10    XL:     3   Next: 5%
Magic:  5/5        EV: 12    Int: 13    God:
Gold:   74         SH:  0    Dex: 18    Spells: 2/2 levels left

rFire   . . .        Y - +0 shortbow
rCold   + . .        (shield currently unavailable)
rNeg    . . .        c - +0 leather armour
rPois   .            f - +0 helmet
rElec   .            (no cloak)
rCorr   .            (no gloves)
SInv    .            e - +0 pair of boots
Will    .....        (no amulet)
Stlth   ++           g - ring of protection from cold
HPRegen 0.23/turn    (no ring)
MPRegen 0.09/turn

%: no passive effects
@: no status effects
A: no striking features
a: no special abilities


You were on level 2 of the Dungeon.
You visited 1 branch of the dungeon, and saw 2 of its levels.

You collected 74 gold pieces.


   Skills:
 - Level 1.5 Fighting
 + Level 6.6 Ranged Weapons
 - Level 2.4 Dodging
 - Level 1.2 Stealth


You had 2 spell levels left.
You didn't know any spells.
Your spell library was empty.

Inventory:

Hand Weapons
 Y - a +0 shortbow (weapon)
Armour
 c - a +0 leather armour (worn)
 e - a +0 pair of boots (worn)
 f - a +0 helmet (worn)
Jewellery
 g - a ring of protection from cold (left hand)
Potions
 a - a potion of might {unknown}
 b - a potion of lignification {unknown}
 h - a potion of curing

Dungeon Overview and Level Annotations

Branches:
Dungeon (2/15)

Altars:

Annotations:
D:1 1 runed translucent door
D:2 Sigmund


Message History

It is a scroll of identify.
Really abort (and waste the scroll)?
Enter note:
Enter note:
Enter note:
Enter note: Sigmund hits you but does no damage.
Enter note:
Enter note:
Enter note:
Enter note:
Enter note:
Enter note:
897 ||| READING scroll labelled XOSHRO VAUROONT.
As you read the scroll labelled XOSHRO VAUROONT, it crumbles to dust.
The creatures around you are filled with an inner flame!
It was a scroll of immolation.
Sigmund hits you from afar with a +0 scythe.
Enter note:
Enter note:
Enter note:
Enter note:
Enter note:
Enter note:
Enter note:
Enter note:
Enter note:
Enter note:
Enter note:
Enter note:
Enter note:
Enter note: Sigmund casts a spell.
Sigmund flickers and vanishes!
Deactivating autopickup; reactivate with Ctrl-A.
Autopickup is now on.
You start resting.
Something hits you!
Ouch! That really hurt!
You die...

*,****** *,,,,,,* *,****,*
*,* *,* *** *,* *,* ,,* *,*
*,* ,,* ######### *,* *,*
,,* ########......:# *,* *,*
,,###***#......#@......# *,*
*,*
,,.....##......#...?...###,*
*,*
,,.)......................>*
*,*
,,.....##......#.......#**,*
*,* **....,*########.......#
*,* *,* *...,,*
#.......###,****,* *..,,,*
###........,,,,,,* *#*****
#######.#######,******
#.......# *,*


There were no monsters in sight!

Vanquished Creatures
  A worm (D:2)
  2 dart slugs
  An endoplasm (D:1)
  2 giant cockroaches (D:1)
  2 goblins
  A hobgoblin (D:2)
  2 quokkas
  2 ball pythons (D:1)
  4 bats
  2 frilled lizards
  3 kobolds (D:1)
  2 rats (D:2)
24 creatures vanquished.

Notes
Turn   | Place    | Note
-------+----------+-------------------------------------------
     0 | D:1      | qw the Deep Elf Hunter began the quest for the Orb.
     0 | D:1      | Reached XP level 1. HP: 12/12 MP: 3/3
     0 | D:1      | 0 ||| qw: Version: 0.3-a-9-g12657ce
     0 | D:1      | 0 ||| qw: Game counter: 3761
     0 | D:1      | 0 ||| qw: Always use a shield: true
     0 | D:1      | 0 ||| qw: God list: Okawaru
     0 | D:1      | 0 ||| qw: Allow faded altars: false
     0 | D:1      | 0 ||| qw: Do Orc after D:15 true
     0 | D:1      | 0 ||| qw: Do second Lair branch before Depths: true
     0 | D:1      | 0 ||| qw: Lair rune preference: random
     0 | D:1      | 0 ||| qw: Plans: Normal
     0 | D:1      | 0 ||| PLANNING D:1-11
     1 | D:1      | Found a runed translucent door.
   168 | D:1      | Reached XP level 2. HP: 16/16 MP: 4/4
   188 | D:1      | Reached skill level 6 in Ranged Weapons
   331 | D:1      | You fall into a shaft and drop 1 floor!
   358 | D:2      | 358 ||| UPGRADING to +0 pair of boots.
   363 | D:2      | 363 ||| UPGRADING to +0 helmet.
   368 | D:2      | 368 ||| UPGRADING to ring of protection from cold.
   369 | D:2      | 369 ||| READING scroll labelled WAESEC DAFARIL.
   370 | D:2      | 370 ||| READING scroll labelled RIXOUPTI HETHRERURI.
   371 | D:2      | 371 ||| READING scroll labelled IBYCWAECIEG.
   372 | D:2      | 372 ||| DRINKING 2 bubbling inky potions.
   373 | D:2      | 373 ||| DROPPING scroll of butterflies.
   785 | D:1      | 785 ||| READING scroll labelled JAVAIQ MOLEI.
   803 | D:2      | 803 ||| FLEEEEING.
   804 | D:2      | 804 ||| FLEEEEING.
   805 | D:2      | 805 ||| FLEEEEING.
   806 | D:2      | 806 ||| FLEEEEING.
   807 | D:2      | 807 ||| STAIRDANCE
   864 | D:2      | Reached XP level 3. HP: 20/20 MP: 5/5
   884 | D:2      | Noticed Sigmund
   894 | D:2      | 894 ||| READING scroll labelled DAIWEM PUOWESU.
   897 | D:2      | 897 ||| READING scroll labelled XOSHRO VAUROONT.
   897 | D:2      | HP: 2/20 [Sigmund/+0 scythe (5)]
   907 | D:2      | Mangled by Sigmund

Levels and vault maps discovered:
D:1:      dpeg_arrival_caged_fury, layout_loops_ring
D:2:      layout_basic, shapermc_ecumenical_altar_venn, serial_shops,
          nicolae_shop_just_a_little_nook, basic_altar, uniq_sigmund

Skill      XL: |  1  2 |
---------------+-------+-----
Ranged Weapons | 6 |  6.6
Fighting       | |  1.5
Dodging        | |  2.4
Stealth        | |  1.2

Action                     || total
---------------------------++-------
   Fire: Shortbow          ||    80
    Use: Scroll            ||     6
         Potion            ||     1
 Armour: Leather armour    ||     9
  Dodge: Dodged            ||    19

Table legend:
 A = Non-vault XP
 B = Vault XP
 C = Vault XP percentage of total XP
 D = Non-vault monster count
 E = Vault monster count
 F = Vault count percentage of total count
                 A         B        C        D         E       F
            +---------+---------+-------+---------+---------+-------
      Total |      44 |       0 |   0.0 |      24 |       0 |   0.0
            +---------+---------+-------+---------+---------+-------
        D:1 |      24 |       0 |   0.0 |      14 |       0 |   0.0
        D:2 |      20 |       0 |   0.0 |      10 |       0 |   0.0
            +---------+---------+-------+---------+---------+-------
